 Dungeon Crawl Stone Soup version 0.30-a0-365-ge7f957f1db (webtiles) character file.

Game seed: 468176628573634236

984 DrKenneth the Trooper (level 7, -4/64 HPs)
             Began as a Minotaur Fighter on Nov 18, 2022.
             Killed from afar by Pikel (13 damage)
             ... with a bolt of acid
             ... on level 5 of the Dungeon.
             The game lasted 00:12:49 (3560 turns).

DrKenneth the Trooper (Minotaur Fighter)            Turns: 3560, Time: 00:12:49

Health: -4/64      AC:  7    Str: 21    XL:     7   Next: 97%
Magic:  6/6        EV:  9    Int:  5    God:
Gold:   239        SH: 10    Dex: 11    Spells: 6/6 levels left

rFire   . . .      SeeInvis .    a - +0 war axe
rCold   . . .      Faith    .    c - +0 buckler
rNeg    . . .      Spirit   .    t - +4 scale mail {rPois}
rPois   +          Reflect  +    (helmet restricted)
rElec   .          Harm     .    (no cloak)
rCorr   .          Rampage  .    (no gloves)
Will    .....                    (no boots)
Stlth   ..........               w - amulet of reflection
HPRegen 0.30/turn                (no ring)
MPRegen 0.10/turn                (no ring)

@: corroded
A: horns 2, retaliatory headbutt
a: no special abilities


You were on level 5 of the Dungeon.
You visited 1 branch of the dungeon, and saw 5 of its levels.

You collected 239 gold pieces.

Inventory:

Hand Weapons
 a - a +0 war axe (weapon)
Armour
 b - a +0 scale mail
 c - a +0 buckler (worn)
 f - a +0 plate armour
 t - a +4 scale mail of poison resistance (worn)
Jewellery
 h - an amulet of regeneration
 w - an amulet of reflection (around neck)
 A - a ring of resist corrosion
 D - a ring of wizardry
Wands
 q - a wand of charming (11)
 r - a wand of digging (4)
 y - a wand of polymorph (3)
Scrolls
 e - a scroll of vulnerability
 g - 2 scrolls of teleportation {unknown}
 j - 2 scrolls of poison {unknown}
 l - a scroll of noise {unknown}
 m - a scroll of magic mapping
 n - a scroll of butterflies {unknown}
 o - a scroll of silence {unknown}
 p - a scroll of amnesia {unknown}
 u - 2 scrolls of identify {unknown}
 x - a scroll of enchant armour {unknown}
 B - a scroll of summoning {unknown}
Potions
 d - 2 potions of might
 i - a potion of attraction {unknown}
 k - 3 potions of magic {unknown}
 s - a potion of brilliance {unknown}
 v - a potion of degeneration {unknown}
 z - 2 potions of mutation {unknown}
 C - a potion of flight {unknown}


   Skills:
 + Level 6.7 Fighting
 + Level 5.9 Axes
 + Level 6.5 Armour
 + Level 6.5 Shields


You had 6 spell levels left.
You didn't know any spells.
Your spell library contained the following spells:

 Spells                   Type           Power      Damage    Failure   Level
 Blink                    Tloc           0%         N/A       95%         2
 Momentum Strike          Conj/Tloc      0%         3d8       95%         2
 Lesser Beckoning         Tloc           0%         N/A       99%         3
 Ozocubu's Armour         Ice            0%         N/A       99%         3
 Leda's Liquefaction      Hex/Erth       0%         N/A       100%        4
 Lee's Rapid Deconstruct  Erth           0%         3d4*      100%        5
 Metabolic Englaciation   Hex/Ice        0%         N/A       100%        5
 Simulacrum               Ice/Necr       0%         N/A       100%        6
 Statue Form              Tmut/Erth      0%         N/A       100%        6


Dungeon Overview and Level Annotations

Branches:
Dungeon (5/15)
 Temple: D:4-7

Altars:
Ru
Trog

Shops:
D:2 *

Annotations:
D:5 Pikel


Innate Abilities, Weirdness & Mutations

You have a pair of horns on your head.
You reflexively headbutt those who attack you in melee.


Message History

You hit the adder.
The adder is severely wounded.
You slash Pikel! You block the adder's attack. You block Pikel's attack.
You slash the adder!
You kill the adder!
You hit Pikel. You block Pikel's attack.
A lemure comes into view.
You hit Pikel but do no damage.
Pikel is moderately wounded.
Pikel hits you with a +1 whip of flaming!
Pikel burns you. You block the lemure's attack.
Pikel zaps a wand.
The bolt of acid hits you! The acid corrodes you!
You barely miss Pikel. Your headbutt misses Pikel.
Pikel is moderately wounded.
You barely miss the lemure. The lemure hits you but does no damage.
Pikel hits you with a +1 whip of flaming.
Pikel burns you.
You are too injured to fight recklessly!
You are too injured to fight recklessly!
You are too injured to fight recklessly!
You are too injured to fight recklessly!
You are too injured to fight recklessly!
You are too injured to fight recklessly!
You closely miss Pikel. You headbutt Pikel, but do no damage.
Pikel is moderately wounded.
You closely miss the lemure.
Pikel hits you with a +1 whip of flaming.
Pikel burns you.
* * * LOW HITPOINT WARNING * * *
You hit Pikel.
Pikel is moderately wounded.
You hit the lemure but do no damage. x2
Pikel hits you with a +1 whip of flaming!
* * * LOW HITPOINT WARNING * * *
Pikel burns you.
* * * LOW HITPOINT WARNING * * *
The lemure hits you but does no damage. x2; The lemure hits you.
* * * LOW HITPOINT WARNING * * *
Pikel zaps a wand.
The bolt of acid hits you!
You die...

##.# #....#.....
##...##.......#.
#.............. #....
.....# .# ..
#..##...###.##...
#.....##......5. ##
#....##55...... .###
####....K5#
...#####.......5@#
....##......##...##
...##...............
...#.........#[......
.............##.......
..###............###..
..#.#.........#..# ..
......#.........#. ..
#.....#..........


You could see Pikel and 4 lemures.

Vanquished Creatures
  Menkaure (D:4)
  Duvessa (D:4)
  A black bear (D:4)
  A phantom (D:4)
  Blork the orc (D:4)
  Dowan (D:4)
  A howler monkey (D:4)
  A hound (D:4)
  A jelly (D:5)
  An orc priest (D:3)
  Jessica (D:3)
  Ijyb (D:3)
  An iguana (D:4)
  An orc wizard (D:3)
  Robin (D:4)
  8 gnolls
  10 adders
  A white imp (D:5)
  A worm (D:4)
  5 dart slugs
  6 orcs
  7 ball pythons
  7 bats
  7 endoplasms
  3 giant cockroaches
  13 hobgoblins
  5 jackals
  5 quokkas
  2 frilled lizards
  17 goblins
  7 kobolds
  9 rats
128 creatures vanquished.

Vanquished Creatures (others)
  10 demonic plants (D:2)
  4 fungi (D:2)
  4 plants (D:2)
  2 withered plants (D:2)
20 creatures vanquished.

Grand Total: 148 creatures vanquished

Notes
Turn   | Place    | Note
-------+----------+-------------------------------------------
     0 | D:1      | DrKenneth the Minotaur Fighter began the quest for the Orb.
     0 | D:1      | Reached XP level 1. HP: 19/19 MP: 0/0
   133 | D:1      | Reached XP level 2. HP: 25/27 MP: 1/1
   384 | D:1      | Reached XP level 3. HP: 33/33 MP: 2/2
   793 | D:2      | Found Ypruv's Assorted Antiques.
   874 | D:2      | Reached XP level 4. HP: 34/41 MP: 3/3
   927 | D:2      | Found a faded altar of an unknown god.
  1661 | D:3      | Reached XP level 5. HP: 11/47 MP: 4/4
  1667 | D:3      | HP: 2/47 [something (2)]
  1972 | D:3      | Noticed Ijyb
  1986 | D:3      | Killed Ijyb
  1987 | D:3      | Reached skill level 5 in Fighting
  2130 | D:3      | Noticed Jessica
  2131 | D:3      | Killed Jessica
  2132 | D:3      | Reached skill level 5 in Armour
  2132 | D:3      | Reached skill level 5 in Shields
  2365 | D:4      | Found a bloodstained altar of Trog.
  2366 | D:4      | Noticed Dowan
  2367 | D:4      | Noticed Duvessa
  2372 | D:4      | Noticed Menkaure
  2375 | D:4      | Killed Duvessa
  2376 | D:4      | Reached XP level 6. HP: 30/56 MP: 5/5
  2392 | D:4      | Killed Menkaure
  2399 | D:4      | Killed Dowan
  2588 | D:4      | Found a sacrificial altar of Ru.
  2604 | D:4      | Reached skill level 5 in Axes
  2604 | D:4      | Reached XP level 7. HP: 60/62 MP: 6/6
  2616 | D:4      | Noticed Blork the orc
  2630 | D:4      | Killed Blork the orc
  3075 | D:4      | Found a transporter.
  3099 | D:4      | Noticed Robin
  3112 | D:4      | Found a transporter.
  3431 | D:4      | Killed Robin
  3481 | D:5      | Entered Level 5 of the Dungeon
  3549 | D:5      | Noticed Pikel
  3560 | D:5      | Killed from afar by Pikel

Illustrated notes

Levels and vault maps discovered:
D:1:      amcnicky_arrival_abandoned_market, layout_loops_ring
D:2:      layout_loops_ring, shapermc_ecumenical_altar_gd, serial_shops, shop,
          minmay_tall_x
D:3:      layout_basic, uniq_ijyb, uniq_jessica
D:4:      gammafunk_wand_slinger, layout_basic, trog_butcher_becter,
          nicolae_ru_sacrificial_ziggurat, minmay_box_of_dots, uniq_robin,
          uniq_duvessa, uniq_menkaure, uniq_blork_the_orc
D:5:      cheibrodos_barr_body, layout_cave_pools,
          nicolae_overflow_hidden_temple, nicolae_elevator_lobby_asterisk,
          uniq_pikel

Skill      XL: |  1  2  3  4  5  6  7 |
---------------+----------------------+-----
Fighting       | 4 5 6 |  6.7
Armour         | 4 5 6 |  6.5
Shields        | 4 5 6 |  6.5
Axes           | 3 4 5 |  5.9

Action                   |  1- 3 |  4- 6 |  7- 9 || total
-------------------------+-------+-------+-------++-------
Melee: War axe           |    84 |   109 |    91 ||   284
       Headbutt          |    11 |    19 |    15 ||    45
  Use: Scroll            |       |     2 |       ||     2
Armor: Scale mail        |    38 |    48 |    42 ||   128
Dodge: Dodged            |    36 |    34 |    31 ||   101
Block: Buckler           |    18 |    39 |    54 ||   111
       Reflection        |       |     1 |     9 ||    10

Table legend: (Time is in decaauts)
 A = Elapsed time spent in this place.
 B = Non-inter-level travel time spent in this place.
 C = Inter-level travel time spent in this place.
 D = Time resting spent in this place.
 E = Time spent auto-exploring this place.
 F = Levels seen in this place.
 G = Mean time per level.
                   A        B        C        D        E       F      G
               +--------+--------+--------+--------+--------+-----+--------+
         Total |   3656 |   3494 |    162 |    423 |   2019 |   5 |  731.2 |
       Dungeon |   3656 |   3494 |    162 |    423 |   2019 |   5 |  731.2 |
               +--------+--------+--------+--------+--------+-----+--------+

Top non-repeatable levels by time:
     D:4: 1154 daAuts
     D:3: 834 daAuts
     D:2: 806 daAuts
     D:1: 776 daAuts
     D:5: 84 daAuts
